Zazza, neutral female human Tourist --------- |.......| -----------######@o###........+### ---- |.........-# |..../!.| # |..| |.........| -.---.--- ### --------------- |..| #-.....%%..| # ^ #############........<.....-# ---- #---.-.|---- # ### ### |.............|# ### #### # ### #######..............|# # # ### # ###|.[...........|# # ### ### ### #............`.|# # # ### ## # ---------------# # ### -|---.--### # # # # ##.......+# ################### # # # -----.-- # |.$....| # --.----+- ------# |.......%%## |......| ### |>......| |%%$.-# |......| |......| # |.......| |....| |....{.| -------- ##-.......| |....| |......| |.......| ------ -------- --------- # Zazza the Excursionist Experience level: 6 Strength: 14 Dexterity: 8 Constitution: 18 Intelligence: 16 Wisdom: 8 Charisma: 18 Health: 0(71) Energy: 23(23) Def: 8 Gold: 302 Moves: 5171 Dungeon seed: L_cS6E5teNVrbHXi Game ID: Zazza_1619127069 Your Inventory: Coins $ - 302 gold pieces Weapons k - a +0 elven dagger (weapon in hand) M - a +0 scimitar O - a +0 scimitar U - 6 +0 arrows X - a +0 dagger Armor e - an uncursed +0 Hawaiian shirt q - an uncursed +0 elven cloak t - an uncursed +0 cloak of protection u - an uncursed +0 orcish helm (being worn) x - an uncursed +0 alchemy smock (being worn) y - an uncursed +0 orcish helm z - an uncursed +0 pair of leather gloves (being worn) A - an uncursed +0 cloak of protection B - an uncursed +0 elven mithril-coat (being worn) C - an uncursed +0 oilskin cloak N - a blessed +2 pair of levitation boots P - an uncursed +0 orcish helm Q - an uncursed +0 orcish helm R - an uncursed +1 orcish helm Y - an uncursed +0 Hawaiian shirt (being worn) Comestibles b - 6 uncursed food rations d - 2 uncursed tripe rations f - an uncursed egg h - an uncursed slime mold v - 3 uncursed cream pies F - an uncursed tin of giant ant meat G - an uncursed tin of lichen H - an uncursed food ration J - an uncursed fortune cookie Scrolls g - 2 uncursed scrolls of gold detection l - 3 uncursed scrolls of magic mapping p - a cursed scroll of remove curse w - 3 uncursed scrolls of identify D - an uncursed scroll of enchant weapon K - 2 uncursed scrolls of teleportation T - a blessed scroll of genocide Potions a - an uncursed potion of object detection i - an uncursed potion of blindness j - an uncursed potion of paralysis o - an uncursed potion of sleeping r - an uncursed potion of oil s - an uncursed potion of sickness I - an uncursed potion of levitation W - an uncursed potion of booze Wands E - a wand of cancellation (0:3) Tools m - an expensive camera (0:74) n - an uncursed credit card Z - a crystal ball (0:4) Spells and supernatural/magical abilities: Name Level Category Fail Memory W - pray for help -- divine ? -- Your skills at the end: Fighting Skills Weapon Skills dagger [Basic] dart [Basic] Spellcasting Skills Final Attributes: You were piously aligned. You were poison resistant. You were acid resistant. You were telepathic. You are dead. Vanquished creatures: a giant mimic a large mimic 2 small mimics an Uruk-hai a rock mole a floating eye 4 homunculi a kobold lord 8 hill orcs a giant bat a werejackal an iguana 2 hobbits 2 manes a hobgoblin 15 giant rats 2 cave spiders a yellow mold a red mold 5 garter snakes 3 gnome zombies 7 geckos 10 jackals a fox 4 kobolds a goblin 10 grid bugs 2 lichens a kobold zombie 8 newts 99 creatures vanquished. Voluntary challenges: You used a wielded weapon 93 times, starting on turn 3186. You read items or engraved 21 times, starting on turn 200. You never genocided any monsters. You never polymorphed an object. You never changed form. You used no wishes. You never split a pudding. You wrote Elbereth's name 13 times, starting on turn 1214. You violated your moral code, losing 10 points of alignment, starting on turn 4612. Dungeon overview: The Dungeons of Doom: levels 1 to 9 Level 1 a fountain a long staircase Level 2 a scroll shop Level 3 a delicatessen stairs to The Gnomish Mines Level 4 an armor shop, a fountain Level 5 Level 6 Level 7 Level 9 <- You were here a delicatessen, a fountain The Gnomish Mines: Level 4 stairs to The Dungeons of Doom History has recorded: On T:1 you entered the Dungeons of Doom to retrieve the Amulet of Yendor! On T:412 you reached level 2 of The Dungeons of Doom. On T:1092 you reached level 3 of The Dungeons of Doom. On T:1744 you reached level 4 of The Dungeons of Doom. On T:1792 you reached level 1 of The Gnomish Mines. On T:2371 you advanced to experience level 2. On T:2379 you advanced to experience level 3. On T:2530 you advanced to experience level 4. On T:2784 you reached level 5 of The Dungeons of Doom. On T:3305 you reached level 6 of The Dungeons of Doom. On T:4411 you reached level 7 of The Dungeons of Doom. On T:4541 you reached level 9 of The Dungeons of Doom. On T:4960 you advanced to experience level 5. On T:5017 you advanced to experience level 6. Score breakdown: Gold: 0 ( 0 points) Experience: 6 levels (12456 points) Exploration: 9 levels ( 18.00%) (12121 points) Discoveries: 13 items ( 4.36%) ( 6265 points) Valuables value: (no points given unless you survive) Artifact value: 0 ( 0 points) Variety of kills: 30 monsters ( 7.87%) ( 8418 points) Turncount: 5171 turns (-1404 points) Survival: died (score multiplied by 80%) Total score: 30284 Latest messages: You see here a rock mole corpse. You hit the newt. You kill the newt! You see here a newt corpse. You hit the leprechaun. The leprechaun hits! Your purse feels lighter. You hit the manes. You destroy the manes! You hit the Uruk-hai. The Uruk-hai wields a crude short sword! The crude short sword welds itself to the Uruk-hai's hand! You miss the Uruk-hai. The Uruk-hai thrusts his crude short sword. The Uruk-hai hits! You miss the Uruk-hai. The Uruk-hai thrusts his crude short sword. The Uruk-hai just misses! You hit the Uruk-hai. (2x) The Uruk-hai thrusts his crude short sword. The Uruk-hai hits! You miss the Uruk-hai. The Uruk-hai thrusts his crude short sword. The Uruk-hai hits! You die... Final status: Aloha Zazza the Tourist, killed by an Uruk-hai... You died in The Dungeons of Doom on dungeon level 9 with 30284 points, and 302 pieces of gold, after 5171 moves. You were level 6 with a maximum of 71 hit points when you died.